 Dungeon Sprint DCSS version 0.29-a0-997-gf6f7e2dfe7 (webtiles) character file.

Game seed: 8346873445295981644

12506 123456 the Warrior (level 11, -12/111 HPs)
             Began as a Minotaur Fighter on Aug 4, 2022.
             Was the Champion of Okawaru.
             Killed from afar by an orc sorcerer (36 damage)
             ... with a bolt of fire
             ... in the Dungeon (Sprint IX: "|||||||||||||||||||||||||||||").
             The game lasted 00:03:19 (1622 turns).

123456 the Warrior (Minotaur Fighter)               Turns: 1622, Time: 00:03:19

Health: -12/111    AC: 15    Str: 32    XL:     11   Next: 63%
Magic:  10/10      EV: 13    Int:  5    God:    Okawaru [******]
Gold:   1261       SH:  0    Dex:  9    Spells: 10/10 levels left

rFire   . . .      SeeInvis .   n - +2 dire flail (vorpal)
rCold   . . .      Faith    .   (shield currently unavailable)
rNeg    + + .      Spirit   .   p - +1 chain mail of the Lumpy Runes {rN++}
rPois   .          Reflect  .   (helmet restricted)
rElec   .          Harm     .   a - +2 cloak
rCorr   .          Rampage  .   s - +0 pair of gloves
Will    .....      NoTele   +   (no boots)
Stlth   ..........              (no amulet)
HPRegen 1.08/turn               b - +3 ring of strength
MPRegen 0.12/turn               c - +3 ring of strength

@: lethally poisoned (-12 -> -13), corroded, unable to drink
A: horns 2, retaliatory headbutt, frail 1, regeneration 1, inability to drink
while threatened 1
a: Renounce Religion, Heroism, Finesse


You were in the Dungeon.
You worshipped Okawaru.
Okawaru was exalted by your worship.
You visited 1 branch You collected 1261 gold pieces.

Inventory:

Hand Weapons
 n - a +2 vorpal dire flail (weapon)
Armour
 a - a +2 cloak (worn)
 o - a +1 chain mail
 p - the +1 chain mail of the Lumpy Runes (worn) {rN++}
   (Okawaru gifted it to you in the Dungeon)

   rN:        It greatly protects you from negative energy.
 s - a +0 pair of gloves (worn)
Jewellery
 b - a +3 ring of strength (left hand)
 c - a +3 ring of strength (right hand)
Wands
 m - a wand of roots (10)
 t - a wand of flame (23)
Scrolls
 j - 3 scrolls of blinking
 l - 2 scrolls of amnesia
 q - a scroll of silence
 r - 3 scrolls of fear
Potions
 d - a potion of might
 e - 5 potions of curing
 f - 7 potions of heal wounds
 g - a potion of haste
 h - 4 potions of magic
 i - 2 potions of berserk rage
 k - a potion of invisibility
 u - a potion of lignification {unknown}


   Skills:
 * Level 20.2 Fighting
 * Level 20.1 Maces & Flails
 + Level 14.8 Armour
 + Level 13.3 Dodging
 - Level 3.6 Shields


You had 10 spell levels left.
You didn't know any spells.
Your spell library was empty.

Dungeon Overview and Level Annotations

Branches:
Dungeon (1/1)

Altars:
Cheibriados
Dithmenos
Elyvilon
Fedhas
Gozag
Hepliaklqana
Kikubaaqudgha
Makhleb
Nemelex Xobeh
Okawaru
Qazlal
Ru
Sif Muna
Trog
Uskayaw
Vehumet
Wu Jian
Xom
Yredelemnul
Zin
The Shining One
Jiyva
Lugonu

Shops:
D ?=**


Innate Abilities, Weirdness & Mutations

You have a pair of horns on your head.
You reflexively headbutt those who attack you in melee.
You are frail. (-10% HP)
Your natural rate of healing is unusually fast.
You occasionally lose the ability to drink potions when taking damage.


Message History

You feel very sick.
You sock the orc knight!
You kill the orc knight!
Okawaru is honoured by your kill.
You feel sick.
Your Maces & Flails skill increases to level 20!
You sock the rust devil!
The rust devil is heavily wounded.
You feel very sick.
You completely miss the rust devil.
The rust devil is heavily wounded.
You feel sick. The rust devil hits you.
* * * LOW HITPOINT WARNING * * *
The rust devil corrodes you!
You sock the rust devil!
The rust devil is almost dead.
You feel sick. The rust devil barely misses you. You furiously retaliate!
You headbutt the rust devil, but do no damage.
You impale the rust devil!!
You kill the rust devil!
The rust devil disappears in a puff of smoke!
You feel sick.
You can drink potions again.
You feel very sick. The orc sorcerer casts a spell at you.
You resist with significant effort.
Things that are here:
a +2 glaive of venom; a +0 chain mail; 50 gold pieces You barely miss the orc sorcerer.
You feel sick.
The orc sorcerer hits you but does no damage.
You hit the orc sorcerer but do no damage.
Your headbutt misses the orc sorcerer.
You feel sick.
You closely miss the orc sorcerer.
The orc sorcerer hits you with a +0 dagger.
* * * LOW HITPOINT WARNING * * *
You closely miss the orc sorcerer.
You feel sick.
The orc sorcerer points at you and mumbles some strange words.
The bolt of fire hits you!!!
You feel threatened and lose the ability to drink potions!
You die...

▓)▓.▓.▓.▓.▓
▓)▓.▓.▓.▓)▓
▓)▓.▓†▓.▓.▓
▓∩▓.▓.▓.▓.▓
▓)▓.▓.▓.▓.▓
▓∩▓.▓.▓.▓[▓
▓.▓.▓.▓.▓.▓
▓∩▓.▓[▓.▓.▓
▓@▓.▓.▓.▓[▓
▓o▓.▓)▓.▓)▓
▓o▓.▓(▓.▓.▓
▓o▓.▓'▓.▓.▓
▓.▓.▓.▓.▓.▓
▓.▓.▓.▓.▓.▓
▓.▓.▓[▓.▓.▓
▓+▓.▓[▓.▓)▓
▓.▓.▓.▓)▓


You could see an orc sorcerer (strong) and 2 orcs.

Vanquished Creatures
  A hydra (D)
  Erolcha (D)
  A two-headed ogre (D)
  A centaur warrior (D)
  A death yak (D)
  3 orc sorcerers (D)
  4 orc knights (D)
  A cyclops (D)
  A black mamba (D)
  4 cane toads (D)
  An efreet (D)
  2 komodo dragons (D)
  An unseen horror (D)
  A kobold demonologist (D)
  A polar bear (D)
  2 blink frogs (D)
  A vampire (D)
  3 yaks (D)
  A vampire mosquito (D)
  4 wargs (D)
  An acid dragon (D)
  2 hell hounds (D)
  A water moccasin (D)
  A black bear (D)
  An ice beast (D)
  12 orc warriors (D)
  2 wolves (D)
  A kobold brigand (D)
  2 bullfrogs (D)
  A howler monkey (D)
  4 orc priests (D)
  2 iguanas (D)
  2 orc wizards (D)
  12 orcs (D)
  A bat (D)
  An endoplasm (D)
  2 ball pythons (D)
  A rat (D)
84 creatures vanquished.

Notes
Turn   | Place    | Note
-------+----------+-------------------------------------------
     0 | D        | 123456 the Minotaur Fighter began the quest for the Orb.
     0 | D        | Reached XP level 1. HP: 19/19 MP: 0/0
    12 | D        | Reached skill level 1 in Dodging
    37 | D        | Noticed an ice beast
    37 | D        | Noticed an iguana
    37 | D        | Noticed an iguana
    43 | D        | Killed an ice beast
    44 | D        | Reached skill level 5 in Armour
    44 | D        | Reached XP level 2. HP: 14/34 MP: 1/1
    44 | D        | Reached XP level 3. HP: 16/39 MP: 2/2
    44 | D        | Reached XP level 4. HP: 19/47 MP: 3/3
    55 | D        | Reached XP level 5. HP: 15/53 MP: 4/4
   277 | D        | Found a snail-covered altar of Cheibriados.
   277 | D        | Found a shadowy altar of Dithmenos.
   277 | D        | Found a white marble altar of Elyvilon.
   277 | D        | Found a blossoming altar of Fedhas.
   277 | D        | Found an opulent altar of Gozag.
   278 | D        | Found a hazy altar of Hepliaklqana.
   279 | D        | Found a viscous altar of Jiyva.
   280 | D        | Found an ancient bone altar of Kikubaaqudgha.
   281 | D        | Found a corrupted altar of Lugonu.
   282 | D        | Found a burning altar of Makhleb.
   283 | D        | Found a sparkling altar of Nemelex Xobeh.
   284 | D        | Found an iron altar of Okawaru.
   285 | D        | Found a stormy altar of Qazlal.
   286 | D        | Found a sacrificial altar of Ru.
   287 | D        | Found a shimmering blue altar of Sif Muna.
   288 | D        | Found a bloodstained altar of Trog.
   289 | D        | Found a hide-covered altar of Uskayaw.
   290 | D        | Found a radiant altar of Vehumet.
   291 | D        | Found an ornate altar of the Wu Jian Council.
   292 | D        | Found a shimmering altar of Xom.
   300 | D        | Became a worshipper of Warmaster Okawaru
   302 | D        | Found a basalt altar of Yredelemnul.
   303 | D        | Found a glowing silver altar of Zin.
   304 | D        | Found a glowing golden altar of the Shining One.
   360 | D        | Noticed an acid dragon
   360 | D        | Noticed a yak
   360 | D        | Noticed a vampire
   363 | D        | Killed an acid dragon
   364 | D        | Reached skill level 5 in Dodging
   368 | D        | Killed a yak
   368 | D        | Reached * piety under Okawaru
   369 | D        | Reached skill level 10 in Fighting
   369 | D        | Reached skill level 10 in Maces & Flails
   369 | D        | Reached XP level 6. HP: 61/67 MP: 5/5
   377 | D        | Reached XP level 7. HP: 67/74 MP: 6/6
   386 | D        | Killed an unseen horror
   391 | D        | Killed a vampire
   613 | D        | Noticed a kobold demonologist
   613 | D        | Noticed a vampire mosquito
   613 | D        | Noticed a centaur warrior
   613 | D        | Noticed a cyclops
   613 | D        | Noticed an efreet
   613 | D        | Noticed a two-headed ogre
   615 | D        | Noticed a chaos spawn
   619 | D        | Killed a kobold demonologist
   619 | D        | Reached ** piety under Okawaru
   620 | D        | Reached XP level 8. HP: 85/85 MP: 7/7
   629 | D        | Killed a centaur warrior
   629 | D        | Reached *** piety under Okawaru
   630 | D        | Reached skill level 10 in Armour
   632 | D        | Killed a cyclops
   632 | D        | Reached **** piety under Okawaru
   633 | D        | Reached XP level 9. HP: 90/96 MP: 8/8
   637 | D        | Killed an efreet
   638 | D        | Reached skill level 15 in Fighting
   638 | D        | Killed a two-headed ogre
   639 | D        | Reached skill level 15 in Maces & Flails
   980 | D        | Gained mutation: Your movements are slightly less
                  | encumbered by armour. (ER -2) [potion of mutation]
   980 | D        | Gained mutation: You have a pair of large horns on your
                  | head. [potion of mutation]
   981 | D        | Lost mutation: You have a pair of large horns on your head.
                  | [potion of mutation]
   981 | D        | Lost mutation: Your movements are slightly less encumbered
                  | by armour. (ER -2) [potion of mutation]
   981 | D        | Gained mutation: You occasionally lose the ability to drink
                  | potions when taking damage. [potion of mutation]
   981 | D        | Gained mutation: You are frail. (-10% HP) [potion of
                  | mutation]
   981 | D        | Gained mutation: Your natural rate of healing is unusually
                  | fast. [potion of mutation]
   982 | D        | Noticed a death yak
   982 | D        | Noticed a cane toad
   982 | D        | Noticed a komodo dragon
   991 | D        | Killed a death yak
   992 | D        | Reached skill level 10 in Dodging
   998 | D        | Killed a cane toad
   999 | D        | Noticed a cane toad
  1006 | D        | Killed a komodo dragon
  1006 | D        | Reached ***** piety under Okawaru
  1011 | D        | Reached XP level 10. HP: 46/97 MP: 9/9
  1015 | D        | Killed a cane toad
  1066 | D        | Noticed a cane toad
  1066 | D        | Noticed a black mamba
  1066 | D        | Noticed a cane toad
  1069 | D        | Killed a cane toad
  1073 | D        | Killed a black mamba
  1081 | D        | Noticed a four-headed hydra
  1117 | D        | Killed a cane toad
  1133 | D        | Killed a four-headed hydra
  1133 | D        | Identified the +1 chain mail of the Lumpy Runes {rN++}
                  | (Okawaru gifted it to you in the Dungeon)
  1133 | D        | Received a gift from Okawaru
  1265 | D        | Reached XP level 11. HP: 103/108 MP: 10/10
  1302 | D        | Noticed Erolcha
  1307 | D        | Killed Erolcha
  1307 | D        | Reached ****** piety under Okawaru
  1476 | D        | Noticed an orc knight
  1476 | D        | Noticed an orc sorcerer
  1481 | D        | Killed an orc knight
  1482 | D        | Noticed an orc knight
  1484 | D        | Noticed a soul eater
  1486 | D        | Killed an orc sorcerer
  1498 | D        | Killed an orc knight
  1575 | D        | Found Dir Toem's Magic Scroll Emporium.
  1575 | D        | Noticed an orc sorcerer
  1579 | D        | Noticed an orc knight
  1580 | D        | Found Zataekab's Jewellery Shoppe.
  1583 | D        | Killed an orc sorcerer
  1586 | D        | Found Vausin's Assorted Antiques.
  1592 | D        | Killed an orc knight
  1595 | D        | Found Ipseu's Assorted Antiques.
  1596 | D        | Noticed an orc sorcerer
  1598 | D        | Noticed a sun demon
  1598 | D        | Noticed an orc knight
  1599 | D        | Noticed an orc sorcerer
  1607 | D        | Killed an orc sorcerer
  1613 | D        | Killed an orc knight
  1622 | D        | Killed from afar by an orc sorcerer

Illustrated notes

Levels and vault maps discovered:
D:        linesprint [early_d, line_temple, items_1, d_10, items_2, lair_1,
          lair_end, items_3, orc_1, orc_end, items_4, d_15, swamp_1, shoals_1,
          snake_1, spider_1, d_20, vaults_1, items_5, swamp_end, shoals_end,
          snake_end, spider_end, vaults_end, d_27, items_6, zot_1, zot_end,
          crypt_end, forest_end, elf_end, slime_end, tomb_end, abyss_end,
          pan_hell_end]

Skill      XL: |  1  2  3  4  5  6  7  8  9 10 11 |
---------------+----------------------------------+-----
Fighting       | 7 10 11 12 14 16 18 20 | 20.2
Maces & Flails | 6 7 10 12 14 16 18 20 | 20.1
Dodging        | 3 4 6 8 9 10 12 13 | 13.3
Armour         | 5 6 7 8 9 10 12 13 14 | 14.8
Shields        | |  3.6

Action                   |  1- 3 |  4- 6 |  7- 9 | 10-12 || total
-------------------------+-------+-------+-------+-------++-------
Melee: Flail             |    19 |    15 |       |       ||    34
       Headbutt          |     6 |     2 |    13 |    29 ||    50
       Dire flail        |       |    14 |    59 |   168 ||   241
  Use: Scroll            |       |       |     2 |       ||     2
       Potion            |       |       |     2 |       ||     2
Armor: Scale mail        |    11 |     2 |       |       ||    13
       Chain mail        |       |     7 |    27 |    61 ||    95
Dodge: Dodged            |     7 |     7 |    15 |    65 ||    94
Block: Buckler           |     3 |     3 |       |       ||     6

Table legend: (Time is in decaauts)
 A = Elapsed time spent in this place.
 B = Non-inter-level travel time spent in this place.
 C = Inter-level travel time spent in this place.
 D = Time resting spent in this place.
 E = Time spent auto-exploring this place.
 F = Levels seen in this place.
 G = Mean time per level.
                   A        B        C        D        E       F      G
               +--------+--------+--------+--------+--------+-----+--------+
         Total |   1537 |   1537 |      0 |    703 |    393 |   1 | 1537.0 |
       Dungeon |   1537 |   1537 |      0 |    703 |    393 |   1 | 1537.0 |
               +--------+--------+--------+--------+--------+-----+--------+

Top non-repeatable levels by time:
       D: 1537 daAuts
